 Dungeon Crawl Stone Soup version 0.18.1-50-g88ac8fd (webtiles) character file.

139 varam the Cudgeler (level 5, 29/34 HPs)
             Began as a Kobold Berserker on Sept 2, 2016.
             Was a Believer of Trog.
             Quit the game on level 2 of the Dungeon on Oct 3, 2016.
             The game lasted 00:06:44 (1282 turns).

varam the Cudgeler (Kobold Berserker)               Turns: 1282, Time: 00:06:45

Health: 29/34      AC:  5    Str: 16    XL:     5   Next: 46%
Magic:  5/5        EV: 14    Int:  5    God:    Trog [**....]
Gold:   128        SH:  0    Dex: 16    Spells: 0 memorised, 4 levels left

rFire  . . .     SeeInvis .     a - +0 mace
rCold  . . .     Gourm    .     f - +0 ring mail
rNeg   . . .     Faith    .     (shield restricted)
rPois  .         Spirit   .     (no helmet)
rElec  .         Dismiss  .     (no cloak)
rCorr  .         Reflect  .     (no gloves)
SustAt .         Harm     .     (no boots)
MR     .....                    (no amulet)
Stlth  +.........               (no ring)
                                (no ring)

@: not resistant to hostile enchantments, very unstealthy
A: carnivore 3
a: Berserk, Trog's Hand, Burn Spellbooks, Renounce Religion


You were on level 2 of the Dungeon.
You worshipped Trog.
Trog was pleased with you.
You were completely stuffed.

You visited 1 branch of the dungeon, and saw 2 of its levels.

You collected 128 gold pieces.

Inventory:

Hand Weapons
 a - a +0 mace (weapon)
Armour
 b - a +0 animal skin
 f - a +0 ring mail (worn)
 k - a +0 scale mail
Scrolls
 d - 2 scrolls of remove curse {unknown}
 h - a scroll of fear {unknown}
 j - 8 scrolls of identify {unknown}
Potions
 e - a potion of heal wounds {unknown}
 g - a potion of cure mutation {unknown}
Comestibles
 c - 2 meat rations
 i - 8 chunks of flesh


   Skills:
 + Level 4.3 Fighting
 * Level 4.5 Maces & Flails
 - Level 1.7 Armour
 + Level 3.4 Dodging


You had 4 spell levels left.
You didn't know any spells.

Dungeon Overview and Level Annotations

Branches:
Dungeon (2/15)

Altars:


Innate Abilities, Weirdness & Mutations

You are small and have problems with some larger weapons.
You are carnivorous and can eat meat at any time.


Message History

Trog accepts your kill.
No target in view!
HP restored.
A kobold comes into view. It is wielding a club.
The kobold shouts!
The kobold throws a stone.
The stone barely misses you. The kobold hits you with a club.
You closely miss the kobold. The kobold closely misses you.
You closely miss the kobold. The kobold hits you but does no damage.
You closely miss the kobold. The kobold hits you with a club.
You hit the kobold.
You kill the kobold!
Trog accepts your kill.
No target in view!
Things that are here:
a club; a stone; a kobold corpse Welcome back, varam the Kobold Berserker.
Trog says: Kill them all!
Press ? for a list of commands and other information.
Are you sure you want to abandon this character and quit the game? (Confirm with "yes".)

#..#.#..# #.##.#.#
#.#.#.#.###### #.##.#.#
#.##.........#
######.<....# #
####.#.##.#
#.....###.###
#.#.##.###.###.# #.#
..#........#.#.###.#
##.####.###.........###
#.####.# #.....###(...
#....@.# #########...#
######## #......
##...... #......)
#....... #.......
##...... #......
####.))#


There were no monsters in sight!

Vanquished Creatures
  Ijyb (D:2)
  Terence (D:2)
  4 adders (D:2)
  A dart slug (D:2)
  3 giant geckos
  4 bats
  5 giant cockroaches
  8 goblins
  4 hobgoblins
  8 kobolds
  A quokka (D:2)
  A giant newt (D:1)
  8 rats
49 creatures vanquished.

Notes
Turn   | Place    | Note
--------------------------------------------------------------
     0 | D:1      | varam the Kobold Berserker began the quest for the Orb.
     0 | D:1      | Reached XP level 1. HP: 14/14 MP: 1/1
    44 | D:1      | Upgraded the game from 0.18.1-48-g4cf74bf to 0.18.1-50-g88ac8fd
   117 | D:1      | Reached XP level 2. HP: 12/19 MP: 2/2
   521 | D:1      | Reached ** piety under Trog
   521 | D:1      | Reached XP level 3. HP: 12/23 MP: 3/3
   930 | D:2      | Noticed Terence
   940 | D:2      | Killed Terence
   940 | D:2      | Reached XP level 4. HP: 29/29 MP: 4/4
  1093 | D:2      | Noticed Ijyb
  1099 | D:2      | Killed Ijyb
  1099 | D:2      | Reached XP level 5. HP: 33/33 MP: 5/5
  1282 | D:2      | Quit the game

Skill      XL: |  1  2  3  4 |
---------------+-------------+-----
Fighting       | 4 |  4.3
Dodging        | 3 |  3.4
Maces & Flails | 4 |  4.5
Armour         | |  1.7

Action                   |  1- 3 |  4- 6 || total
-------------------------+-------+-------++-------
Melee: Mace              |   104 |    64 ||   168
Invok: Berserk           |     3 |     1 ||     4
  Eat: Chunk             |    11 |     3 ||    14
Armor: Animal skin       |     8 |       ||     8
       Ring mail         |    20 |    20 ||    40
Dodge: Dodged            |    71 |    48 ||   119
